 Dungeon Crawl Stone Soup version 0.31.0-11-ge490571c62 (webtiles) character file.

Game seed: 7557612736545584386

101 Silvore the Trooper (level 4, -1/4 (35) HPs)
             Began as a Demonspawn Fighter on Feb 8, 2024.
             Killed from afar by an orc wizard (3 damage)
             ... with a magic dart
             ... on level 2 of the Dungeon.
             The game lasted 00:03:06 (1930 turns).

Silvore the Trooper (Demonspawn Fighter)            Turns: 1930, Time: 00:03:06

HP:   -1/4 (35)     AC: 10    Str: 18    XL:     4   Next: 48%
MP:   4/4           EV:  9    Int:  9    God:
Gold: 95            SH:  4    Dex: 12    Spells: 3/3 levels left

rFire   . . .        a - +0 long sword (protect)
rCold   . . .        c - +0 buckler
rNeg    . . .        b - +0 scale mail
rPois   .            (no helmet)
rElec   .            (no cloak)
rCorr   .            f - +1 pair of gloves
SInv    .            (no boots)
Will    .....        (no amulet) Stlth
                     (no ring)
HPRegen 0.20/turn    (no ring)
MPRegen 0.09/turn

%: no passive effects
@: extremely drained
A: slimy green scales 1, demonic magic 1
a: no special abilities


You were on level 2 of the Dungeon.
You visited 1 branch of the dungeon, and saw 3 of its levels.

You collected 95 gold pieces.

Inventory:

Hand Weapons
 a - a +0 long sword of protection (weapon)
Armour
 b - a +0 scale mail (worn)
 c - a +0 buckler (worn)
 f - a +1 pair of gloves (worn)
 p - the +2 ratskin cloak {*Rats rPois rN+ Str-1 Int-1 Dex+1}
   (You found it on level 2 of the Dungeon)

   *Rats:     When the wearer is hurt, rats may emerge from it to assist them.
   Str-1:     It affects your strength (-1).
   Int-1:     It affects your intelligence (-1).
   Dex+1:     It affects your dexterity (+1).
   rPois:     It protects you from poison rN+: It protects you from negative
   energy.
Jewellery
 l - an amulet of faith
Wands
 i - a wand of iceblast (5)
 m - a wand of polymorph (6)
Potions
 d - 5 potions of might
 e - 2 potions of lignification {unknown}
 g - a potion of resistance {unknown}
 h - a potion of cancellation {unknown}
 j - a potion of berserk rage {unknown}
 n - 2 potions of degeneration {unknown}


   Skills:
 + Level 3.5 Fighting
 + Level 2.9 Long Blades
 + Level 3.1 Armour
 + Level 0.6 Dodging
 + Level 0.3 Stealth
 + Level 3.1 Shields


You had 3 spell levels left.
You didn't know any spells.
Your spell library contained the following spells:

 Spells                   Type           Power      Damage    Failure   Level
 Apportation              Tloc           0%         N/A       85%         1
 Necrotise                Necr           0%         1d4       85%         1
 Sting                    Conj/Alch      0%         1d3       85%         1
 Summon Small Mammal      Summ           0%         N/A       85%         1


Dungeon Overview and Level Annotations

Branches:
Dungeon (3/15)

Altars:


Innate Abilities, Weirdness & Mutations

You are partially covered in slimy green scales. (AC +2)
Spells you cast may paralyse adjacent enemies.


Message History

The orc wizard hits you but does no damage.
You feel drained.
You hit the orc wizard.
Your weapon exudes an aura of protection.
The orc wizard is almost dead.
The orc wizard casts a spell.
The orc wizard flickers and vanishes!
Deactivating autopickup; reactivate with Ctrl-A.
You miss something.
You hear some strange, mumbled words.
A magic dart appears from out of thin air!
The magic dart hits you.
You miss something. Something hits you.
You feel drained.
You closely miss something.
You hear some strange, mumbled words.
Something tries to affect you, but you resist.
Something hits you but does no damage.
You feel drained.
You barely miss something.
You hear some strange, mumbled words.
You are confused.
You bump into the rock wall.
Something hits you.
You feel drained.
You bump into the rock wall.
Something hits you.
* * * LOW HITPOINT WARNING * * *
You feel drained.
You bump into the rock wall.
Something hits you but does no damage.
You feel drained. Something hits you but does no damage.
You feel drained.
You bump into the rock wall.
Something hits you but does no damage.
You feel drained.
You feel less confused. Something hits you.
You feel drained.
* * * LOW HITPOINT WARNING * * *
You barely miss something. Something hits you but does no damage.
You feel drained.
You closely miss something.
You hear some strange, mumbled words.
A magic dart appears from out of thin air!
The magic dart hits you.
Ouch! That really hurt!
You die...

#.# #..... #.# #.#### #.#
######.## #.# #....)..# #.#
#.####..# #.# #.# #..#
#############.# #.# #..#
#..........##.###.# #..#
#.########@#...##.####..#
#.# #.....{.>).......#..#
#.# #.####.#...#..##.#..###
#.###.## #.##.##.###.......
#.##...###.##.##.###.......
#.#.....##.##........#.....
#.......[..#####.#########.
###.....#### #.# #.....
##...## #.# #.####


There were no monsters in sight!

Vanquished Creatures
  Terence (D:2)
  2 adders (D:2)
  A dart slug (D:1)
  An orc (D:2)
  3 bats
  7 endoplasms
  A giant cockroach (D:1)
  4 goblins (D:1)
  6 hobgoblins
  8 kobolds
  2 quokkas (D:2)
  8 ball pythons
  A frilled lizard (D:1)
  4 rats
49 creatures vanquished.

Notes
Turn   | Place    | Note
-------+----------+-------------------------------------------
     0 | D:1      | Silvore the Demonspawn Fighter began the quest for the Orb.
     0 | D:1      | Reached XP level 1. HP: 18/18 MP: 1/1
   246 | D:1      | Gained mutation: Spells you cast may paralyse adjacent
                  | enemies. [demonic ancestry]
   246 | D:1      | Reached XP level 2. HP: 18/24 MP: 2/2
   694 | D:1      | Gained mutation: You are partially covered in slimy green
                  | scales. (AC +2) [demonic ancestry]
   694 | D:1      | Reached XP level 3. HP: 29/29 MP: 3/3
  1190 | D:2      | Found a faded altar of an unknown god.
  1343 | D:2      | Reached XP level 4. HP: 35/35 MP: 4/4
  1478 | D:2      | Noticed Terence
  1486 | D:2      | Killed Terence
  1538 | D:2      | Found the +2 ratskin cloak {*Rats rPois rN+ Str-1 Int-1
                  | Dex+1}
  1930 | D:2      | Killed from afar by an orc wizard

Illustrated notes

Levels and vault maps discovered:
D:1:      amcnicky_arrival_single_pillar, layout_loops_corners
D:2:      layout_loops_ring, ebering_ecumenical_altar_box,
          minmay_misc_feat_tiny, uniq_terence
D:3:      layout_loops_ring, nicolae_nh_oracle_at_delphi

Skill      XL: |  1  2 |
---------------+-------+-----
Long Blades    | 2 |  2.9
Shields        | 3 |  3.1
Armour         | 3 |  3.1
Fighting       | |  3.5
Dodging        | |  0.6
Stealth        | |  0.3

Action                     |  1- 3 |  4- 6 || total
---------------------------+-------+-------++-------
  Melee: Long sword        |   132 |    57 ||   189
    Use: Scroll            |     2 |     2 ||     4
 Armour: Scale mail        |    88 |    44 ||   132
  Dodge: Dodged            |    72 |    20 ||    92
  Block: Buckler           |    40 |    10 ||    50
